Abbotsford Heat vs Peoria Rivermen
Created - Wednesday, March 15, 2023 at 07:33
Goals
|
| Abbotsford Heat |
1 |
2 |
0 |
3 |
| Peoria Rivermen |
1 |
6 |
1 |
8 |
|
Shots
|
| Abbotsford Heat |
6 |
10 |
10 |
26 |
| Peoria Rivermen |
20 |
20 |
8 |
48 |
|
1st period
1. Abbotsford Heat , Yakov Trenin 4 (Rafael Harvey-Pinard 3) at 0:10
2. Peoria Rivermen , Lucas Raymond 4 (Sasha Chmelevski 2) at 4:06 (PP)
Penalties :
Yakov Trenin (ABH) for Hooking (Minor) at 3:50, Vincent Desharnais (ABH) for High sticking (Minor) at 13:48, Wyatt Newpower (ABH) for Hooking (Minor) at 19:43
2nd period
3. Peoria Rivermen , Radim Zohorna 1 (Tyler Pitlick 1, Jalen Chatfield 1) at 2:56
4. Peoria Rivermen , Radim Zohorna 2 (Ryan Lomberg 1) at 5:48 (PP)
5. Peoria Rivermen , Lucas Raymond 5 (Sasha Chmelevski 3, Connor Mackey 1) at 7:02 (PP)
6. Peoria Rivermen , Radim Zohorna 3 (Ryan Lomberg 2, Jalen Chatfield 2) at 7:30 (PP)
7. Abbotsford Heat , Daniil Miromanov 1 (Michael Anderson 2, Ryan Merkley 1) at 11:35 (PP)
8. Peoria Rivermen , Radim Zohorna 4 (Ryan Lomberg 3) at 15:00
9. Peoria Rivermen , Ryan Lomberg 1 (Radim Zohorna 1, Yegor Zamula 2) at 15:49
10. Abbotsford Heat , Lane Pederson 1 (Michael Anderson 3) at 16:00
Penalties :
Gabriel Fortier (ABH) for High sticking (Minor) at 4:52, Yakov Trenin (ABH) for Hooking (Minor) at 5:31, Ryan Merkley (ABH) for Hooking (Minor) at 7:15, Sasha Chmelevski (PRM) for Slashing (Minor) at 10:43, Ryan Lomberg (PRM) for Fighting (Major) at 19:32, Daniil Miromanov (ABH) for Fighting (Major) at 19:32, Ryan Lomberg (PRM) for instigated a fight (Minor) at 19:32, Ryan Lomberg (PRM) for instigated a fight (10 Minutes Misconduct) at 19:32
3rd period
11. Peoria Rivermen , Sasha Chmelevski 3 (Lucas Raymond 3, Jakob Pelletier 3) at 11:45 (PP)
Penalties :
Connor Mackey (PRM) for Holding (Minor) at 3:59, Cole Sillinger (ABH) for Delaying the game (Minor) at 11:42, Vincent Desharnais (ABH) for Tripping (Minor) at 12:33, Denis Malgin (ABH) for Hooking (Minor) at 16:29, Ryan Lomberg (PRM) for Tripping (Minor) at 16:55
Goalie Stats
Pheonix Copley (ABH), 40 saves from 48 shots - (0.833), L, 0-2-0, 60:00 minutes
Joey Daccord (PRM), 23 saves from 26 shots - (0.885), W, 1-1-0, 60:00 minutes
Players Stats for Abbotsford Heat
Player Name G A P +/- PIM S H SB GA TA FO MP PP MP PK MP
------------------------------------------------------------------------------------
Alex Limoges 0 0 0 -2 0 2 4 0 4 0 0/0 12:48 1:52 0:00
Benoit-Olivier Groulx 0 0 0 0 0 0 0 1 0 0 2/2 12:08 0:26 2:03
Cole Sillinger 0 0 0 -2 2 2 2 0 0 0 6/10 19:37 1:52 5:34
Daniil Miromanov 1 0 1 -2 5 2 1 0 0 0 1/1 14:37 0:55 1:34
Denis Malgin 0 0 0 0 2 0 0 0 0 0 0/0 9:52 0:29 0:00
Dennis Gilbert 0 0 0 0 0 2 3 3 1 1 0/0 19:50 1:38 2:51
Filip Chlapik 0 0 0 -1 0 0 1 0 0 0 0/0 9:50 0:00 0:41
Gabriel Fortier 0 0 0 0 2 0 2 0 0 1 0/0 9:05 0:06 0:00
Jacob Peterson 0 0 0 0 0 2 1 0 1 0 2/5 11:54 0:26 2:03
Lane Pederson 1 0 1 2 0 3 0 0 0 1 0/1 17:03 2:55 0:00
Mathias Laferriere 0 0 0 -1 0 0 1 0 0 0 1/3 11:45 0:00 2:25
Michael Anderson 0 2 2 -1 0 5 1 1 2 2 0/0 34:03 3:38 6:30
Rafael Harvey-Pinard 0 1 1 2 0 2 1 1 0 1 3/3 17:03 2:55 0:00
Ryan Merkley 0 1 1 -1 2 3 0 1 1 1 0/0 30:48 3:38 6:01
Shane Pinto 0 0 0 0 0 0 0 0 0 0 0/0 3:19 0:57 0:22
Vincent Desharnais 0 0 0 0 4 0 1 2 0 1 0/0 20:58 1:38 1:05
Wyatt Newpower 0 0 0 -1 2 0 2 1 0 1 0/0 11:27 0:00 0:13
Yakov Trenin 1 0 1 2 4 3 3 0 0 1 10/39 22:46 2:55 4:48
Players Stats for Peoria Rivermen
Player Name G A P +/- PIM S H SB GA TA FO MP PP MP PK MP
------------------------------------------------------------------------------------
Brandon Biro 0 0 0 0 0 1 2 0 1 0 0/0 7:42 0:23 0:00
Connor Mackey 0 1 1 2 2 1 3 1 1 0 0/0 22:27 6:20 0:00
Dakota Joshua 0 0 0 0 0 0 1 1 2 0 1/4 15:09 0:57 3:43
Grant Mismash 0 0 0 0 0 0 0 0 0 0 1/1 8:48 0:14 0:35
Jakob Pelletier 0 1 1 -2 0 3 4 0 1 0 28/37 20:56 5:27 0:00
Jakub Galvas 0 0 0 1 0 1 0 0 0 1 0/0 13:15 0:00 3:13
Jalen Chatfield 0 2 2 2 0 0 1 0 0 3 0/0 26:47 6:20 3:13
Jesper Froden 0 0 0 0 0 1 1 0 1 0 0/0 9:17 0:23 0:00
Jonas Rondbjerg 0 0 0 0 0 2 0 0 0 0 0/0 8:14 0:41 0:24
Josiah Slavin 0 0 0 0 0 0 1 0 0 1 2/6 13:13 0:00 2:20
Lucas Raymond 2 1 3 -2 0 15 3 1 2 2 0/1 22:36 5:39 1:04
Matthew Kessel 0 0 0 1 0 0 0 0 0 1 0/0 9:02 0:00 0:00
Radim Zohorna 4 1 5 3 0 6 2 3 1 0 6/12 13:06 2:16 0:47
Ryan Lomberg 1 3 4 3 19 5 0 0 1 0 0/0 14:52 2:24 0:05
Sasha Chmelevski 1 2 3 -2 2 6 2 2 0 1 0/2 21:43 5:39 1:36
Tyler Pitlick 0 1 1 3 0 2 2 1 0 0 1/1 17:22 3:17 0:00
Yegor Zamula 0 1 1 -2 0 3 1 1 0 0 0/0 24:23 2:47 2:03
Zachary Jones 0 0 0 -2 0 2 3 1 0 0 0/0 24:17 2:47 2:03
3 Stars
1 - Radim Zohorna (PRM)
2 - Lucas Raymond (PRM)
3 - Jalen Chatfield (PRM)
Power Play
Abbotsford Heat - 1 on 4 Attempt(s) - 25.00%
Peoria Rivermen - 5 on 9 Attempt(s) - 55.56%
Penalty Kill
Abbotsford Heat - 4 on 9 Attempt(s) - 44.44%
- Score 0 goal in Penalty Kill
Peoria Rivermen - 3 on 4 Attempt(s) - 75.00%
- Score 0 goal in Penalty Kill
Team Stat
Abbotsford Heat - Hits : 23 - Faceoff Wins : 25 - Blocked Shots : 10 - Penalty Minutes : 23
Peoria Rivermen - Hits : 26 - Faceoff Wins : 39 - Blocked Shots : 11 - Penalty Minutes : 23
Official
Referees : Steve Kozari and Jacob Brenk
Linesman : Shandor Alphonso and Michel Cormier
Game Notes
Radim Zohorna has scored a Hat Trick!
Radim Zohorna is injured at 18:59 of 2nd period (Bruised Left Shoulder)
Ryan Lomberg beats up Daniil Miromanov at 19:32 of 2nd period
Abbotsford Heat
5 vs 5 Forward
Center Left Wing Right Wing Time % Phy DF OF
1 Yakov Trenin Rafael Harvey-Pinard Lane Pederson 40 1 2 2
2 Cole Sillinger Alex Limoges Daniil Miromanov 30 1 2 2
3 Benoit-Olivier Groulx Gabriel Fortier Mathias Laferriere 20 1 2 2
4 Jacob Peterson Filip Chlapik Denis Malgin 10 1 2 2
5 vs 5 Defense
Defense Defense Time % Phy DF OF
1 Michael Anderson Ryan Merkley 40 1 2 2
2 Vincent Desharnais Dennis Gilbert 30 1 2 2
3 Wyatt Newpower Michael Anderson 20 1 2 2
4 Ryan Merkley Vincent Desharnais 10 1 2 2
PowerPlay Forward
Center Left Wing Right Wing Time % Phy DF OF
1 Yakov Trenin Rafael Harvey-Pinard Lane Pederson 60 1 2 2
2 Cole Sillinger Alex Limoges Daniil Miromanov 40 1 2 2
PowerPlay Defense
Defense Defense Time % Phy DF OF
1 Michael Anderson Ryan Merkley 60 1 2 2
2 Vincent Desharnais Dennis Gilbert 40 1 2 2
Penalty Kill 4 Players Forward
Center Wing Time % Phy DF OF
1 Yakov Trenin Cole Sillinger 60 1 2 2
2 Benoit-Olivier Groulx Jacob Peterson 40 1 2 2
Penalty Kill 4 Players Defense
Defense Defense Time % Phy DF OF
1 Michael Anderson Ryan Merkley 60 1 2 2
2 Vincent Desharnais Dennis Gilbert 40 1 2 2
Penalty Kill - 3 Players Forward
Forward Time % Phy DF OF
1 Yakov Trenin 60 1 2 2
2 Cole Sillinger 40 1 2 2
Penalty Kill - 3 Players Defense
Defense Defense Time % Phy DF OF
1 Michael Anderson Ryan Merkley 60 1 2 2
2 Vincent Desharnais Dennis Gilbert 40 1 2 2
4 vs 4 Forward
Center Wing Time % Phy DF OF
1 Yakov Trenin Cole Sillinger 60 1 2 2
2 Benoit-Olivier Groulx Jacob Peterson 40 1 2 2
4 vs 4 Defense
Defense Defense Time % Phy DF OF
1 Michael Anderson Ryan Merkley 60 1 2 2
2 Vincent Desharnais Dennis Gilbert 40 1 2 2
Last Minutes Offensive
Center Left Wing Right Wing Defense Defense
Yakov Trenin Rafael Harvey-Pinard Lane Pederson Michael Anderson Ryan Merkley
Last Minutes Defensive
Center Left Wing Right Wing Defense Defense
Yakov Trenin Rafael Harvey-Pinard Lane Pederson Michael Anderson Ryan Merkley
Goaltenders
Starting : Pheonix Copley
Backup : Dustin Wolf
Extra Forwards
Normal : Shane Pinto, Gabriel Fortier, Mathias Laferriere - PP : Shane Pinto, Gabriel Fortier - PK : Mathias Laferriere
Extra Defensemen
Normal : Wyatt Newpower, Daniil Miromanov, Dennis Gilbert - PP : Wyatt Newpower - PK : Daniil Miromanov, Dennis Gilbert
Penalty Shots
Yakov Trenin, Cole Sillinger, Benoit-Olivier Groulx, Jacob Peterson, Rafael Harvey-Pinard
Peoria Rivermen
5 vs 5 Forward
Center Left Wing Right Wing Time % Phy DF OF
1 Jakob Pelletier Lucas Raymond Sasha Chmelevski 40 1 2 2
2 Radim Zohorna Ryan Lomberg Tyler Pitlick 30 1 2 2
3 Dakota Joshua Josiah Slavin Jesper Froden 20 1 2 2
4 Grant Mismash Brandon Biro Jonas Rondbjerg 10 1 2 2
5 vs 5 Defense
Defense Defense Time % Phy DF OF
1 Yegor Zamula Zachary Jones 40 1 2 2
2 Connor Mackey Jalen Chatfield 30 1 2 2
3 Jakub Galvas Matthew Kessel 20 1 2 2
4 Yegor Zamula Zachary Jones 10 1 2 2
PowerPlay Forward
Center Left Wing Right Wing Time % Phy DF OF
1 Jakob Pelletier Lucas Raymond Sasha Chmelevski 60 1 2 2
2 Radim Zohorna Ryan Lomberg Tyler Pitlick 40 1 2 2
PowerPlay Defense
Defense Defense Time % Phy DF OF
1 Connor Mackey Jalen Chatfield 60 1 2 2
2 Yegor Zamula Zachary Jones 40 1 2 2
Penalty Kill 4 Players Forward
Center Wing Time % Phy DF OF
1 Radim Zohorna Dakota Joshua 60 1 2 2
2 Sasha Chmelevski Ryan Lomberg 40 1 2 2
Penalty Kill 4 Players Defense
Defense Defense Time % Phy DF OF
1 Jakub Galvas Jalen Chatfield 60 1 2 2
2 Yegor Zamula Zachary Jones 40 1 2 2
Penalty Kill - 3 Players Forward
Forward Time % Phy DF OF
1 Sasha Chmelevski 60 1 2 2
2 Ryan Lomberg 40 1 2 2
Penalty Kill - 3 Players Defense
Defense Defense Time % Phy DF OF
1 Jakub Galvas Jalen Chatfield 60 1 2 2
2 Yegor Zamula Zachary Jones 40 1 2 2
4 vs 4 Forward
Center Wing Time % Phy DF OF
1 Radim Zohorna Josiah Slavin 60 1 2 2
2 Sasha Chmelevski Ryan Lomberg 40 1 2 2
4 vs 4 Defense
Defense Defense Time % Phy DF OF
1 Connor Mackey Jalen Chatfield 60 1 2 2
2 Yegor Zamula Zachary Jones 40 1 2 2
Last Minutes Offensive
Center Left Wing Right Wing Defense Defense
Lucas Raymond Ryan Lomberg Sasha Chmelevski Yegor Zamula Jalen Chatfield
Last Minutes Defensive
Center Left Wing Right Wing Defense Defense
Lucas Raymond Ryan Lomberg Sasha Chmelevski Yegor Zamula Jalen Chatfield
Goaltenders
Starting : Joey Daccord
Backup : Ukko-Pekka Luukkonen
Extra Forwards
Normal : Jakob Pelletier, Dakota Joshua, Josiah Slavin - PP : Jakob Pelletier, Dakota Joshua - PK : Josiah Slavin
Extra Defensemen
Normal : Jalen Chatfield, Yegor Zamula, Zachary Jones - PP : Jalen Chatfield - PK : Jalen Chatfield, Yegor Zamula
Penalty Shots
Lucas Raymond, Tyler Pitlick, Sasha Chmelevski, Ryan Lomberg, Radim Zohorna
% Time on Ice - Abbotsford Heat
Lines # - Real PCT - Wanted PCT - Time Play
Normal Forward
1 - 36% - 40% - 15:41
2 - 27% - 30% - 12:01
3 - 19% - 20% - 8:18
4 - 18% - 10% - 8:04
Normal Defense
1 - 37% - 40% - 16:28
2 - 31% - 30% - 13:52
3 - 21% - 20% - 9:22
4 - 10% - 10% - 4:22
PP Forward
1 - 56% - 60% - 2:58
2 - 44% - 40% - 2:18
PP Defense
1 - 69% - 60% - 3:38
2 - 31% - 40% - 1:38
PK Forward
1 - 77% - 60% - 6:47
2 - 23% - 40% - 2:03
PK Defense
1 - 65% - 60% - 5:46
2 - 35% - 40% - 3:04
PK3 Forward
1 - 100% - 60% - 0:17
2 - 0% - 40% - 0:00
PK3 Defense
1 - 100% - 60% - 0:17
2 - 0% - 40% - 0:00
44 Forward
1 - 83% - 60% - 1:17
2 - 17% - 40% - 0:16
44 Defense
1 - 49% - 60% - 0:46
2 - 51% - 40% - 0:47
Last Minute Offensive - 0:00
Last Minute Defensive - 0:00
Total
Forward - 60:00
Defense - 60:00
|
% Time on Ice - Peoria Rivermen
Lines # - Real PCT - Wanted PCT - Time Play
Normal Forward
1 - 30% - 40% - 13:15
2 - 39% - 30% - 17:05
3 - 17% - 20% - 7:42
4 - 14% - 10% - 6:02
Normal Defense
1 - 45% - 40% - 19:38
2 - 31% - 30% - 13:29
3 - 20% - 20% - 9:02
4 - 4% - 10% - 1:55
PP Forward
1 - 55% - 60% - 5:02
2 - 45% - 40% - 4:05
PP Defense
1 - 69% - 60% - 6:20
2 - 31% - 40% - 2:47
PK Forward
1 - 98% - 60% - 5:11
2 - 2% - 40% - 0:05
PK Defense
1 - 61% - 60% - 3:13
2 - 39% - 40% - 2:03
PK3 Forward
1 - 0% - 60%
2 - 0% - 40%
PK3 Defense
1 - 0% - 60%
2 - 0% - 40%
44 Forward
1 - 100% - 60% - 1:33
2 - 0% - 40% - 0:00
44 Defense
1 - 49% - 60% - 0:46
2 - 51% - 40% - 0:47
Last Minute Offensive - 0:00
Last Minute Defensive - 0:00
Total
Forward - 60:00
Defense - 60:00
|
Play-by-Play
1st period
0:01 of 1st period - Yakov Trenin wins face-off versus Jakob Pelletier in neutral zone.
0:10 of 1st period - Snap shot by Yakov Trenin.
0:10 of 1st period - Goal by Yakov Trenin - Abbotsford Heat : 1 - Peoria Rivermen : 0.
0:11 of 1st period - Radim Zohorna wins face-off versus Cole Sillinger in neutral zone.
0:18 of 1st period - Slapshot by Ryan Lomberg.
0:18 of 1st period - Shot Blocked by Vincent Desharnais.
0:53 of 1st period - Snap shot by Radim Zohorna.
0:53 of 1st period - Stopped by Pheonix Copley with a rebound.
0:57 of 1st period - Wrist shot by Ryan Lomberg.
0:57 of 1st period - Stopped by Pheonix Copley without a rebound.
0:58 of 1st period - Jakob Pelletier wins face-off versus Yakov Trenin in Abbotsford Heat zone.
1:13 of 1st period - Snap shot by Yakov Trenin.
1:13 of 1st period - Shot Misses the Net.
1:49 of 1st period - Snap shot by Brandon Biro.
1:49 of 1st period - Shot Misses the Net.
1:51 of 1st period - Slapshot by Connor Mackey.
1:51 of 1st period - Shot Misses the Net.
1:53 of 1st period - Snap shot by Jonas Rondbjerg.
1:53 of 1st period - Shot Hit the Post.
2:03 of 1st period - Ryan Merkley is hit by Jakob Pelletier and loses puck.
2:10 of 1st period - Snap shot by Yakov Trenin.
2:10 of 1st period - Stopped by Joey Daccord with a rebound.
2:42 of 1st period - Wyatt Newpower is hit by Radim Zohorna and loses puck.
3:07 of 1st period - Wrist shot by Jonas Rondbjerg.
3:07 of 1st period - Shot Blocked by Benoit-Olivier Groulx.
3:18 of 1st period - Icing by Dennis Gilbert.
3:19 of 1st period - Jakob Pelletier wins face-off versus Jacob Peterson in Abbotsford Heat zone.
3:24 of 1st period - Snap shot by Lucas Raymond.
3:24 of 1st period - Deflect By Sasha Chmelevski.
3:24 of 1st period - Shot Misses the Net.
3:24 of 1st period - Puck is out of play.
3:25 of 1st period - Jakob Pelletier wins face-off versus Yakov Trenin in Abbotsford Heat zone.
3:28 of 1st period - Wrist shot by Sasha Chmelevski.
3:28 of 1st period - Stopped by Pheonix Copley without a rebound.
3:29 of 1st period - Jakob Pelletier wins face-off versus Yakov Trenin in Abbotsford Heat zone.
3:36 of 1st period - Slapshot by Lucas Raymond.
3:36 of 1st period - Shot Misses the Net.
3:38 of 1st period - Snap shot by Lucas Raymond.
3:38 of 1st period - Stopped by Pheonix Copley with a rebound.
3:50 of 1st period - Minor Penalty to Yakov Trenin for Hooking.
3:51 of 1st period - Jakob Pelletier wins face-off versus Mathias Laferriere in Abbotsford Heat zone.
4:06 of 1st period - Wrist shot by Lucas Raymond.
4:06 of 1st period - Goal by Lucas Raymond - Abbotsford Heat : 1 - Peoria Rivermen : 1.
4:07 of 1st period - Dakota Joshua wins face-off versus Yakov Trenin in neutral zone.
4:22 of 1st period - Snap shot by Jesper Froden.
4:22 of 1st period - Shot Misses the Net.
4:32 of 1st period - Zachary Jones is hit by Alex Limoges.
4:36 of 1st period - Ryan Merkley is hit by Sasha Chmelevski and loses puck.
5:08 of 1st period - Snap shot by Gabriel Fortier.
5:08 of 1st period - Shot Misses the Net.
5:41 of 1st period - Yegor Zamula is hit by Dennis Gilbert and loses puck.
6:02 of 1st period - Daniil Miromanov is hit by Jakob Pelletier and loses puck.
6:07 of 1st period - Snap shot by Lucas Raymond.
6:07 of 1st period - Stopped by Pheonix Copley without a rebound.
6:08 of 1st period - Jakob Pelletier wins face-off versus Yakov Trenin in Abbotsford Heat zone.
6:21 of 1st period - Snap shot by Lucas Raymond.
6:21 of 1st period - Stopped by Pheonix Copley with a rebound.
7:00 of 1st period - Slapshot by Alex Limoges.
7:00 of 1st period - Deflect By Cole Sillinger.
7:00 of 1st period - Stopped by Joey Daccord without a rebound.
7:01 of 1st period - Yakov Trenin wins face-off versus Jakob Pelletier in Peoria Rivermen zone.
7:02 of 1st period - Wrist shot by Rafael Harvey-Pinard.
7:02 of 1st period - Stopped by Joey Daccord with a rebound.
7:26 of 1st period - Cole Sillinger is hit by Tyler Pitlick and loses puck.
7:37 of 1st period - Snap shot by Alex Limoges.
7:37 of 1st period - Shot Misses the Net.
8:09 of 1st period - Dennis Gilbert is hit by Brandon Biro and loses puck.
8:16 of 1st period - Off-side.
8:17 of 1st period - Jakob Pelletier wins face-off versus Yakov Trenin in neutral zone.
8:20 of 1st period - Slapshot by Jakob Pelletier.
8:20 of 1st period - Stopped by Pheonix Copley with a rebound.
8:22 of 1st period - Wrist shot by Sasha Chmelevski.
8:22 of 1st period - Shot Misses the Net.
8:24 of 1st period - Wrist shot by Yegor Zamula.
8:24 of 1st period - Stopped by Pheonix Copley with a rebound.
8:28 of 1st period - Wrist shot by Lucas Raymond.
8:28 of 1st period - Shot Misses the Net.
8:30 of 1st period - Backhand shot by Jakob Pelletier.
8:30 of 1st period - Stopped by Pheonix Copley with a rebound.
8:32 of 1st period - Slapshot by Sasha Chmelevski.
8:32 of 1st period - Shot Blocked by Rafael Harvey-Pinard.
8:42 of 1st period - Michael Anderson is hit by Tyler Pitlick and loses puck.
8:51 of 1st period - Snap shot by Alex Limoges.
8:51 of 1st period - Shot Blocked by Radim Zohorna.
9:04 of 1st period - Icing by Dakota Joshua.
9:05 of 1st period - Benoit-Olivier Groulx wins face-off versus Dakota Joshua in Peoria Rivermen zone.
9:50 of 1st period - Wrist shot by Cole Sillinger.
9:50 of 1st period - Shot Misses the Net.
9:52 of 1st period - Slapshot by Alex Limoges.
9:52 of 1st period - Stopped by Joey Daccord without a rebound.
9:53 of 1st period - Cole Sillinger wins face-off versus Radim Zohorna in Peoria Rivermen zone.
10:27 of 1st period - Off-side.
10:28 of 1st period - Jakob Pelletier wins face-off versus Yakov Trenin in neutral zone.
10:37 of 1st period - Snap shot by Lucas Raymond.
10:37 of 1st period - Stopped by Pheonix Copley with a rebound.
10:39 of 1st period - Slapshot by Yegor Zamula.
10:39 of 1st period - Stopped by Pheonix Copley with a rebound.
10:53 of 1st period - Vincent Desharnais is hit by Zachary Jones and loses puck.
11:35 of 1st period - Snap shot by Lucas Raymond.
11:35 of 1st period - Shot Misses the Net.
12:01 of 1st period - Wrist shot by Jonas Rondbjerg.
12:01 of 1st period - Stopped by Pheonix Copley with a rebound.
12:15 of 1st period - Snap shot by Jesper Froden.
12:15 of 1st period - Shot Blocked by Dennis Gilbert.
12:17 of 1st period - Snap shot by Jesper Froden.
12:17 of 1st period - Stopped by Pheonix Copley with a rebound.
12:19 of 1st period - Slapshot by Zachary Jones.
12:19 of 1st period - Deflect By Vincent Desharnais.
12:19 of 1st period - Stopped by Pheonix Copley without a rebound.
12:20 of 1st period - Cole Sillinger wins face-off versus Jakob Pelletier in Abbotsford Heat zone.
12:28 of 1st period - Icing by Matthew Kessel.
12:29 of 1st period - Jakob Pelletier wins face-off versus Cole Sillinger in Peoria Rivermen zone.
12:52 of 1st period - Snap shot by Lucas Raymond.
12:52 of 1st period - Deflect By Jakob Pelletier.
12:52 of 1st period - Stopped by Pheonix Copley with a rebound.
12:54 of 1st period - Slapshot by Matthew Kessel.
12:54 of 1st period - Shot Blocked by Vincent Desharnais.
12:56 of 1st period - Snap shot by Jakub Galvas.
12:56 of 1st period - Stopped by Pheonix Copley without a rebound.
12:57 of 1st period - Rafael Harvey-Pinard wins face-off versus Radim Zohorna in Abbotsford Heat zone.
13:48 of 1st period - Minor Penalty to Vincent Desharnais for High sticking.
13:49 of 1st period - Jakob Pelletier wins face-off versus Yakov Trenin in Abbotsford Heat zone.
14:02 of 1st period - Snap shot by Lucas Raymond.
14:02 of 1st period - Stopped by Pheonix Copley without a rebound.
14:03 of 1st period - Jakob Pelletier wins face-off versus Yakov Trenin in Abbotsford Heat zone.
14:04 of 1st period - Snap shot by Lucas Raymond.
14:04 of 1st period - Stopped by Pheonix Copley with a rebound.
14:44 of 1st period - Wrist shot by Ryan Lomberg.
14:44 of 1st period - Stopped by Pheonix Copley with a rebound.
15:08 of 1st period - Slapshot by Daniil Miromanov.
15:08 of 1st period - Stopped by Joey Daccord with a rebound.
15:36 of 1st period - Connor Mackey is hit by Yakov Trenin and loses puck.
15:48 of 1st period - Penalty to Vincent Desharnais is over, Vincent Desharnais is back on ice.
15:53 of 1st period - Michael Anderson is hit by Jesper Froden and loses puck.
16:02 of 1st period - Snap shot by Josiah Slavin.
16:02 of 1st period - Shot Blocked by Dennis Gilbert.
16:04 of 1st period - Slapshot by Jakub Galvas.
16:04 of 1st period - Shot Blocked by Dennis Gilbert.
16:49 of 1st period - Wyatt Newpower is hit by Dakota Joshua and loses puck.
17:02 of 1st period - Jalen Chatfield is hit by Mathias Laferriere and loses puck.
17:27 of 1st period - Daniil Miromanov is hit by Sasha Chmelevski.
17:41 of 1st period - Icing by Lane Pederson.
17:42 of 1st period - Yakov Trenin wins face-off versus Dakota Joshua in Abbotsford Heat zone.
17:47 of 1st period - Jesper Froden is hit by Dennis Gilbert and loses puck.
19:43 of 1st period - Minor Penalty to Wyatt Newpower for Hooking.
19:44 of 1st period - Yakov Trenin wins face-off versus Jakob Pelletier in Abbotsford Heat zone.
19:44 of 1st period - Yakov Trenin is hit by Connor Mackey.
Goals for this period are 1 for Abbotsford Heat vs 1 for Peoria Rivermen.
Shots for this period are 6 for Abbotsford Heat vs 20 for Peoria Rivermen.
2nd period
0:01 of 2nd period - Jakob Pelletier wins face-off versus Yakov Trenin in neutral zone.
1:43 of 2nd period - Penalty to Wyatt Newpower is over, Wyatt Newpower is back on ice.
1:58 of 2nd period - Wyatt Newpower is hit by Radim Zohorna.
2:30 of 2nd period - Snap shot by Tyler Pitlick.
2:30 of 2nd period - Stopped by Pheonix Copley with a rebound.
2:32 of 2nd period - Slapshot by Connor Mackey.
2:32 of 2nd period - Deflect By Tyler Pitlick.
2:32 of 2nd period - Stopped by Pheonix Copley with a rebound.
2:48 of 2nd period - Slapshot by Ryan Merkley.
2:48 of 2nd period - Stopped by Joey Daccord with a rebound.
2:56 of 2nd period - Wrist shot by Radim Zohorna.
2:56 of 2nd period - Goal by Radim Zohorna - Abbotsford Heat : 1 - Peoria Rivermen : 2.
2:57 of 2nd period - Jakob Pelletier wins face-off versus Yakov Trenin in neutral zone.
3:50 of 2nd period - Benoit-Olivier Groulx is hit by Jakob Pelletier and loses puck.
4:08 of 2nd period - Slapshot by Jonas Rondbjerg.
4:08 of 2nd period - Shot Misses the Net.
4:18 of 2nd period - Jesper Froden is hit by Cole Sillinger and loses puck.
4:31 of 2nd period - Vincent Desharnais is hit by Lucas Raymond.
4:52 of 2nd period - Minor Penalty to Gabriel Fortier for High sticking.
4:53 of 2nd period - Jakob Pelletier wins face-off versus Yakov Trenin in Abbotsford Heat zone.
5:02 of 2nd period - Snap shot by Sasha Chmelevski.
5:02 of 2nd period - Stopped by Pheonix Copley without a rebound.
5:03 of 2nd period - Jakob Pelletier wins face-off versus Yakov Trenin in Abbotsford Heat zone.
5:10 of 2nd period - Slapshot by Lucas Raymond.
5:10 of 2nd period - Shot Misses the Net.
5:31 of 2nd period - Minor Penalty to Yakov Trenin for Hooking.
5:32 of 2nd period - Radim Zohorna wins face-off versus Mathias Laferriere in Abbotsford Heat zone.
5:34 of 2nd period - Snap shot by Ryan Lomberg.
5:34 of 2nd period - Shot Misses the Net.
5:48 of 2nd period - Wrist shot by Radim Zohorna.
5:48 of 2nd period - Goal by Radim Zohorna - Abbotsford Heat : 1 - Peoria Rivermen : 3.
5:49 of 2nd period - Cole Sillinger wins face-off versus Sasha Chmelevski in neutral zone.
5:52 of 2nd period - Slapshot by Ryan Merkley.
5:52 of 2nd period - Stopped by Joey Daccord with a rebound.
5:58 of 2nd period - Snap shot by Sasha Chmelevski.
5:58 of 2nd period - Deflect By Lucas Raymond.
5:58 of 2nd period - Shot Blocked by Michael Anderson.
5:58 of 2nd period - Puck is out of play.
5:59 of 2nd period - Mathias Laferriere wins face-off versus Lucas Raymond in Abbotsford Heat zone.
5:59 of 2nd period - Mathias Laferriere is hit by Jalen Chatfield.
6:25 of 2nd period - Snap shot by Lucas Raymond.
6:25 of 2nd period - Stopped by Pheonix Copley with a rebound.
6:29 of 2nd period - Snap shot by Lucas Raymond.
6:29 of 2nd period - Shot Misses the Net.
6:51 of 2nd period - Benoit-Olivier Groulx is hit by Connor Mackey and loses puck.
7:00 of 2nd period - Snap shot by Lucas Raymond.
7:00 of 2nd period - Stopped by Pheonix Copley with a rebound.
7:02 of 2nd period - Snap shot by Lucas Raymond.
7:02 of 2nd period - Goal by Lucas Raymond - Abbotsford Heat : 1 - Peoria Rivermen : 4.
7:03 of 2nd period - Radim Zohorna wins face-off versus Yakov Trenin in neutral zone.
7:15 of 2nd period - Minor Penalty to Ryan Merkley for Hooking.
7:16 of 2nd period - Yakov Trenin wins face-off versus Radim Zohorna in Abbotsford Heat zone.
7:28 of 2nd period - Slapshot by Ryan Lomberg.
7:28 of 2nd period - Shot Misses the Net.
7:30 of 2nd period - Wrist shot by Ryan Lomberg.
7:30 of 2nd period - Deflect By Radim Zohorna.
7:30 of 2nd period - Goal by Radim Zohorna - Abbotsford Heat : 1 - Peoria Rivermen : 5.
7:31 of 2nd period - Rafael Harvey-Pinard wins face-off versus Jakob Pelletier in neutral zone.
7:33 of 2nd period - Off-side.
7:34 of 2nd period - Jakob Pelletier wins face-off versus Yakov Trenin in neutral zone.
7:59 of 2nd period - Michael Anderson is hit by Josiah Slavin and loses puck.
8:24 of 2nd period - Radim Zohorna is hit by Rafael Harvey-Pinard and loses puck.
8:47 of 2nd period - Slapshot by Yakov Trenin.
8:47 of 2nd period - Shot Misses the Net.
9:11 of 2nd period - Snap shot by Sasha Chmelevski.
9:11 of 2nd period - Deflect By Lucas Raymond.
9:11 of 2nd period - Stopped by Pheonix Copley with a rebound.
9:27 of 2nd period - Wrist shot by Benoit-Olivier Groulx.
9:27 of 2nd period - Shot Blocked by Dakota Joshua.
9:29 of 2nd period - Slapshot by Michael Anderson.
9:29 of 2nd period - Shot Misses the Net.
9:31 of 2nd period - Slapshot by Michael Anderson.
9:31 of 2nd period - Shot Misses the Net.
9:33 of 2nd period - Wrist shot by Mathias Laferriere.
9:33 of 2nd period - Deflect By Gabriel Fortier.
9:33 of 2nd period - Shot Blocked by Connor Mackey.
9:33 of 2nd period - Puck is out of play.
9:34 of 2nd period - Benoit-Olivier Groulx wins face-off versus Radim Zohorna in Peoria Rivermen zone.
9:59 of 2nd period - Radim Zohorna is hit by Vincent Desharnais and loses puck.
10:24 of 2nd period - Wrist shot by Tyler Pitlick.
10:24 of 2nd period - Shot Misses the Net.
10:30 of 2nd period - Wrist shot by Radim Zohorna.
10:30 of 2nd period - Stopped by Pheonix Copley without a rebound.
10:31 of 2nd period - Jakob Pelletier wins face-off versus Cole Sillinger in Abbotsford Heat zone.
10:36 of 2nd period - Snap shot by Sasha Chmelevski.
10:36 of 2nd period - Stopped by Pheonix Copley without a rebound.
10:37 of 2nd period - Daniil Miromanov wins face-off versus Sasha Chmelevski in Abbotsford Heat zone.
10:43 of 2nd period - Minor Penalty to Sasha Chmelevski for Slashing.
10:44 of 2nd period - Radim Zohorna wins face-off versus Yakov Trenin in Peoria Rivermen zone.
10:56 of 2nd period - Slapshot by Lane Pederson.
10:56 of 2nd period - Stopped by Joey Daccord without a rebound.
10:57 of 2nd period - Radim Zohorna wins face-off versus Yakov Trenin in Peoria Rivermen zone.
11:26 of 2nd period - Ryan Merkley is hit by Zachary Jones and loses puck.
11:33 of 2nd period - Slapshot by Michael Anderson.
11:33 of 2nd period - Shot Misses the Net.
11:35 of 2nd period - Slapshot by Daniil Miromanov.
11:35 of 2nd period - Goal by Daniil Miromanov - Abbotsford Heat : 2 - Peoria Rivermen : 5.
11:36 of 2nd period - Jakob Pelletier wins face-off versus Yakov Trenin in neutral zone.
12:14 of 2nd period - Slapshot by Yegor Zamula.
12:14 of 2nd period - Stopped by Pheonix Copley with a rebound.
12:16 of 2nd period - Slapshot by Lucas Raymond.
12:16 of 2nd period - Shot Misses the Net.
12:18 of 2nd period - Snap shot by Sasha Chmelevski.
12:18 of 2nd period - Stopped by Pheonix Copley without a rebound.
12:19 of 2nd period - Cole Sillinger wins face-off versus Radim Zohorna in Abbotsford Heat zone.
12:44 of 2nd period - Josiah Slavin is hit by Yakov Trenin and loses puck.
13:32 of 2nd period - Jakob Pelletier is hit by Dennis Gilbert and loses puck.
13:43 of 2nd period - Slapshot by Michael Anderson.
13:43 of 2nd period - Deflect By Jacob Peterson.
13:43 of 2nd period - Shot Misses the Net.
13:43 of 2nd period - Puck is out of play.
13:44 of 2nd period - Jacob Peterson wins face-off versus Radim Zohorna in Peoria Rivermen zone.
13:45 of 2nd period - Slapshot by Michael Anderson.
13:45 of 2nd period - Stopped by Joey Daccord with a rebound.
13:59 of 2nd period - Yegor Zamula is hit by Wyatt Newpower.
14:09 of 2nd period - Yakov Trenin is hit by Lucas Raymond and loses puck.
14:32 of 2nd period - Yegor Zamula is hit by Alex Limoges and loses puck.
14:58 of 2nd period - Snap shot by Ryan Lomberg.
14:58 of 2nd period - Stopped by Pheonix Copley with a rebound.
15:00 of 2nd period - Wrist shot by Ryan Lomberg.
15:00 of 2nd period - Deflect By Radim Zohorna.
15:00 of 2nd period - Goal by Radim Zohorna - Abbotsford Heat : 2 - Peoria Rivermen : 6.
15:01 of 2nd period - Jakob Pelletier wins face-off versus Yakov Trenin in neutral zone.
15:04 of 2nd period - Snap shot by Lucas Raymond.
15:04 of 2nd period - Stopped by Pheonix Copley with a rebound.
15:13 of 2nd period - Off-side.
15:14 of 2nd period - Jakob Pelletier wins face-off versus Yakov Trenin in neutral zone.
15:17 of 2nd period - Slapshot by Yegor Zamula.
15:17 of 2nd period - Shot Misses the Net.
15:49 of 2nd period - Slapshot by Ryan Lomberg.
15:49 of 2nd period - Goal by Ryan Lomberg - Abbotsford Heat : 2 - Peoria Rivermen : 7.
15:50 of 2nd period - Jakob Pelletier wins face-off versus Yakov Trenin in neutral zone.
16:00 of 2nd period - Snap shot by Lane Pederson.
16:00 of 2nd period - Goal by Lane Pederson - Abbotsford Heat : 3 - Peoria Rivermen : 7.
16:01 of 2nd period - Rafael Harvey-Pinard wins face-off versus Jakob Pelletier in neutral zone.
16:18 of 2nd period - Off-side.
16:19 of 2nd period - Radim Zohorna wins face-off versus Cole Sillinger in neutral zone.
16:46 of 2nd period - Slapshot by Lucas Raymond.
16:46 of 2nd period - Shot Misses the Net.
16:48 of 2nd period - Slapshot by Zachary Jones.
16:48 of 2nd period - Stopped by Pheonix Copley with a rebound.
17:11 of 2nd period - Wrist shot by Gabriel Fortier.
17:11 of 2nd period - Shot Misses the Net.
17:29 of 2nd period - Slapshot by Gabriel Fortier.
17:29 of 2nd period - Shot Misses the Net.
17:31 of 2nd period - Snap shot by Vincent Desharnais.
17:31 of 2nd period - Shot Misses the Net.
17:33 of 2nd period - Slapshot by Vincent Desharnais.
17:33 of 2nd period - Deflect By Jacob Peterson.
17:33 of 2nd period - Shot Misses the Net.
17:33 of 2nd period - Puck is out of play.
17:34 of 2nd period - Jakob Pelletier wins face-off versus Jacob Peterson in Peoria Rivermen zone.
17:43 of 2nd period - Vincent Desharnais is hit by Lucas Raymond and loses puck.
18:03 of 2nd period - Off-side.
18:04 of 2nd period - Tyler Pitlick wins face-off versus Yakov Trenin in neutral zone.
18:07 of 2nd period - Wrist shot by Ryan Lomberg.
18:07 of 2nd period - Stopped by Pheonix Copley with a rebound.
18:30 of 2nd period - Rafael Harvey-Pinard is hit by Yegor Zamula and loses puck.
18:37 of 2nd period - Wrist shot by Rafael Harvey-Pinard.
18:37 of 2nd period - Shot Misses the Net.
18:39 of 2nd period - Snap shot by Rafael Harvey-Pinard.
18:39 of 2nd period - Shot Blocked by Zachary Jones.
18:41 of 2nd period - Snap shot by Lane Pederson.
18:41 of 2nd period - Stopped by Joey Daccord with a rebound.
18:43 of 2nd period - Slapshot by Vincent Desharnais.
18:43 of 2nd period - Shot Misses the Net.
18:45 of 2nd period - Snap shot by Yakov Trenin.
18:45 of 2nd period - Stopped by Joey Daccord with a rebound.
18:47 of 2nd period - Wrist shot by Lane Pederson.
18:47 of 2nd period - Shot Misses the Net.
18:49 of 2nd period - Slapshot by Dennis Gilbert.
18:49 of 2nd period - Deflect By Radim Zohorna.
18:49 of 2nd period - Stopped by Joey Daccord with a rebound.
18:51 of 2nd period - Slapshot by Michael Anderson.
18:51 of 2nd period - Shot Blocked by Radim Zohorna.
18:53 of 2nd period - Slapshot by Michael Anderson.
18:53 of 2nd period - Stopped by Joey Daccord with a rebound.
18:55 of 2nd period - Snap shot by Ryan Merkley.
18:55 of 2nd period - Shot Misses the Net.
18:57 of 2nd period - Slapshot by Lane Pederson.
18:57 of 2nd period - Shot Blocked by Yegor Zamula.
18:59 of 2nd period - Slapshot by Ryan Merkley.
18:59 of 2nd period - Shot Blocked by Radim Zohorna.
18:59 of 2nd period - Radim Zohorna from Peoria Rivermen is injured at 18:59 of 2nd period (Bruised Left Shoulder).
19:00 of 2nd period - Jakob Pelletier wins face-off versus Yakov Trenin in Peoria Rivermen zone.
19:32 of 2nd period - Ryan Lomberg beats up Daniil Miromanov.
19:32 of 2nd period - Penalty to Ryan Lomberg for Fighting.
19:32 of 2nd period - Penalty to Daniil Miromanov for Fighting.
19:32 of 2nd period - Penalty to Ryan Lomberg for instigated a fight.
19:32 of 2nd period - Penalty to Ryan Lomberg for instigated a fight.
19:33 of 2nd period - Yakov Trenin wins face-off versus Dakota Joshua in neutral zone.
19:47 of 2nd period - Off-side.
19:48 of 2nd period - Yakov Trenin wins face-off versus Josiah Slavin in neutral zone.
Goals for this period are 2 for Abbotsford Heat vs 6 for Peoria Rivermen.
Shots for this period are 10 for Abbotsford Heat vs 20 for Peoria Rivermen.
3rd period
0:01 of 3rd period - Josiah Slavin wins face-off versus Yakov Trenin in neutral zone.
0:28 of 3rd period - Slapshot by Ryan Merkley.
0:28 of 3rd period - Shot Misses the Net.
0:30 of 3rd period - Snap shot by Michael Anderson.
0:30 of 3rd period - Deflect By Cole Sillinger.
0:30 of 3rd period - Shot Blocked by Sasha Chmelevski.
0:30 of 3rd period - Puck is out of play.
0:31 of 3rd period - Cole Sillinger wins face-off versus Josiah Slavin in Peoria Rivermen zone.
0:32 of 3rd period - Snap shot by Alex Limoges.
0:32 of 3rd period - Stopped by Joey Daccord with a rebound.
0:34 of 3rd period - Wrist shot by Cole Sillinger.
0:34 of 3rd period - Stopped by Joey Daccord with a rebound.
0:36 of 3rd period - Slapshot by Dennis Gilbert.
0:36 of 3rd period - Stopped by Joey Daccord without a rebound.
0:37 of 3rd period - Yakov Trenin wins face-off versus Josiah Slavin in Peoria Rivermen zone.
0:38 of 3rd period - Snap shot by Rafael Harvey-Pinard.
0:38 of 3rd period - Stopped by Joey Daccord without a rebound.
0:39 of 3rd period - Josiah Slavin wins face-off versus Yakov Trenin in Peoria Rivermen zone.
1:32 of 3rd period - Penalty to Ryan Lomberg is over, Lucas Raymond is send on ice.
1:45 of 3rd period - Snap shot by Michael Anderson.
1:45 of 3rd period - Deflect By Lucas Raymond.
1:45 of 3rd period - Stopped by Joey Daccord without a rebound.
1:46 of 3rd period - Jacob Peterson wins face-off versus Jakob Pelletier in Peoria Rivermen zone.
1:47 of 3rd period - Slapshot by Ryan Merkley.
1:47 of 3rd period - Stopped by Joey Daccord with a rebound.
1:49 of 3rd period - Wrist shot by Jacob Peterson.
1:49 of 3rd period - Shot Misses the Net.
2:12 of 3rd period - Slapshot by Zachary Jones.
2:12 of 3rd period - Deflect By Jonas Rondbjerg.
2:12 of 3rd period - Shot Blocked by Wyatt Newpower.
2:12 of 3rd period - Puck is out of play.
2:13 of 3rd period - Jakob Pelletier wins face-off versus Yakov Trenin in Abbotsford Heat zone.
2:32 of 3rd period - Rafael Harvey-Pinard is hit by Jakob Pelletier and loses puck.
2:43 of 3rd period - Josiah Slavin is hit by Alex Limoges and loses puck.
2:50 of 3rd period - Wrist shot by Alex Limoges.
2:50 of 3rd period - Shot Misses the Net.
2:52 of 3rd period - Slapshot by Wyatt Newpower.
2:52 of 3rd period - Shot Blocked by Tyler Pitlick.
3:59 of 3rd period - Minor Penalty to Connor Mackey for Holding.
4:00 of 3rd period - Yakov Trenin wins face-off versus Josiah Slavin in Peoria Rivermen zone.
4:32 of 3rd period - Penalty to Ryan Lomberg is over, Lucas Raymond is send on ice.
5:59 of 3rd period - Penalty to Connor Mackey is over, Connor Mackey is back on ice.
6:04 of 3rd period - Josiah Slavin is hit by Gabriel Fortier.
6:26 of 3rd period - Matthew Kessel is hit by Wyatt Newpower and loses puck.
9:18 of 3rd period - Matthew Kessel is hit by Filip Chlapik and loses puck.
9:52 of 3rd period - Gabriel Fortier is hit by Brandon Biro and loses puck.
10:26 of 3rd period - Grant Mismash is hit by Alex Limoges and loses puck.
10:43 of 3rd period - Icing by Rafael Harvey-Pinard.
10:44 of 3rd period - Jakob Pelletier wins face-off versus Lane Pederson in Abbotsford Heat zone.
11:01 of 3rd period - Jalen Chatfield is hit by Gabriel Fortier and loses puck.
11:24 of 3rd period - Slapshot by Yakov Trenin.
11:24 of 3rd period - Shot Blocked by Sasha Chmelevski.
11:42 of 3rd period - Minor Penalty to Cole Sillinger for Delaying the game.
11:43 of 3rd period - Jakob Pelletier wins face-off versus Yakov Trenin in Abbotsford Heat zone.
11:45 of 3rd period - Wrist shot by Sasha Chmelevski.
11:45 of 3rd period - Goal by Sasha Chmelevski - Abbotsford Heat : 3 - Peoria Rivermen : 8.
11:46 of 3rd period - Jakob Pelletier wins face-off versus Yakov Trenin in neutral zone.
12:11 of 3rd period - Yegor Zamula is hit by Michael Anderson.
12:33 of 3rd period - Minor Penalty to Vincent Desharnais for Tripping.
12:34 of 3rd period - Jakob Pelletier wins face-off versus Yakov Trenin in Abbotsford Heat zone.
12:39 of 3rd period - Snap shot by Sasha Chmelevski.
12:39 of 3rd period - Stopped by Pheonix Copley with a rebound.
12:41 of 3rd period - Wrist shot by Lucas Raymond.
12:41 of 3rd period - Stopped by Pheonix Copley with a rebound.
12:43 of 3rd period - Slapshot by Jalen Chatfield.
12:43 of 3rd period - Shot Misses the Net.
12:45 of 3rd period - Slapshot by Connor Mackey.
12:45 of 3rd period - Stopped by Pheonix Copley with a rebound.
13:25 of 3rd period - Yegor Zamula is hit by Daniil Miromanov.
14:25 of 3rd period - Yakov Trenin is hit by Zachary Jones and loses puck.
14:32 of 3rd period - 10 Minutes Misconduct Penalty to Ryan Lomberg is over.
14:33 of 3rd period - Penalty to Vincent Desharnais is over, Vincent Desharnais is back on ice.
15:08 of 3rd period - Jalen Chatfield is hit by Cole Sillinger and loses puck.
15:24 of 3rd period - Ryan Lomberg is hit by Jacob Peterson.
15:34 of 3rd period - Tyler Pitlick is hit by Yakov Trenin.
16:06 of 3rd period - Snap shot by Brandon Biro.
16:06 of 3rd period - Stopped by Pheonix Copley without a rebound.
16:07 of 3rd period - Grant Mismash wins face-off versus Jacob Peterson in Abbotsford Heat zone.
16:14 of 3rd period - Snap shot by Jonas Rondbjerg.
16:14 of 3rd period - Stopped by Pheonix Copley with a rebound.
16:16 of 3rd period - Slapshot by Yegor Zamula.
16:16 of 3rd period - Shot Blocked by Ryan Merkley.
16:18 of 3rd period - Slapshot by Yegor Zamula.
16:18 of 3rd period - Shot Misses the Net.
16:29 of 3rd period - Minor Penalty to Denis Malgin for Hooking.
16:30 of 3rd period - Yakov Trenin wins face-off versus Jakob Pelletier in Abbotsford Heat zone.
16:39 of 3rd period - Snap shot by Lucas Raymond.
16:39 of 3rd period - Stopped by Pheonix Copley with a rebound.
16:41 of 3rd period - Snap shot by Sasha Chmelevski.
16:41 of 3rd period - Shot Misses the Net.
16:55 of 3rd period - Minor Penalty to Ryan Lomberg for Tripping.
16:56 of 3rd period - Cole Sillinger wins face-off versus Jakob Pelletier in Peoria Rivermen zone.
16:57 of 3rd period - Snap shot by Yakov Trenin.
16:57 of 3rd period - Shot Misses the Net.
16:59 of 3rd period - Snap shot by Michael Anderson.
16:59 of 3rd period - Stopped by Joey Daccord with a rebound.
18:02 of 3rd period - Gabriel Fortier is hit by Connor Mackey and loses puck.
18:29 of 3rd period - Penalty to Denis Malgin is over, Denis Malgin is back on ice.
18:55 of 3rd period - Penalty to Ryan Lomberg is over, Ryan Lomberg is back on ice.
19:07 of 3rd period - Snap shot by Lucas Raymond.
19:07 of 3rd period - Stopped by Pheonix Copley with a rebound.
19:15 of 3rd period - Snap shot by Jacob Peterson.
19:15 of 3rd period - Stopped by Joey Daccord with a rebound.
19:37 of 3rd period - Slapshot by Michael Anderson.
19:37 of 3rd period - Shot Misses the Net.
19:39 of 3rd period - Snap shot by Denis Malgin.
19:39 of 3rd period - Shot Misses the Net.
19:41 of 3rd period - Wrist shot by Benoit-Olivier Groulx.
19:41 of 3rd period - Shot Misses the Net.
19:43 of 3rd period - Wrist shot by Jacob Peterson.
19:43 of 3rd period - Stopped by Joey Daccord with a rebound.
19:53 of 3rd period - Wrist shot by Jacob Peterson.
19:53 of 3rd period - Shot Misses the Net.
19:55 of 3rd period - Snap shot by Benoit-Olivier Groulx.
19:55 of 3rd period - Shot Blocked by Lucas Raymond.
19:57 of 3rd period - Slapshot by Benoit-Olivier Groulx.
19:57 of 3rd period - Shot Misses the Net.
19:59 of 3rd period - Snap shot by Michael Anderson.
19:59 of 3rd period - Stopped by Joey Daccord with a rebound.
Goals for this period are 0 for Abbotsford Heat vs 1 for Peoria Rivermen.
Shots for this period are 10 for Abbotsford Heat vs 8 for Peoria Rivermen.
Back to the Top